 Dungeon Crawl Stone Soup version 0.28.0-47-ge53b351184 (webtiles) character file.

Game seed: 16021914059483588684

19 Exodus22XD the Chopper (level 2, -1/27 HPs)
             Began as a Hill Orc Monk on May 7, 2022.
             Slain by a gnoll
             ... wielding a +0 spear
              (4 damage)
             ... on level 2 of the Dungeon.
             The game lasted 00:00:53 (1138 turns).

Exodus22XD the Chopper (Hill Orc Monk)              Turns: 1138, Time: 00:00:53

Health: -1/27      AC:  5    Str: 13    XL:     2   Next: 75%
Magic:  2/2        EV: 11    Int: 10    God:
Gold:   31         SH:  0    Dex: 13    Spells: 1/1 levels left

rFire   . . .      SeeInvis .   a - +0 hand axe
rCold   . . .      Faith    .   (no shield)
rNeg    . . .      Spirit   .   f - +0 ring mail
rPois   .          Reflect  .   (no helmet)
rElec   .          Harm     .   (no cloak)
rCorr   .          Rampage  .   (no gloves)
Will    .....                   (no boots)
Stlth   +.........              (no amulet)
HPRegen 0.09/turn               (no ring)
MPRegen 0.08/turn               (no ring)

@: no status effects
A: no striking features
a: no special abilities


You were on level 2 of the Dungeon.
You visited 1 branch of the dungeon, and saw 2 of its levels.

You collected 31 gold pieces.

Inventory:

Hand Weapons
 a - a +0 hand axe (weapon)
Armour
 f - a +0 ring mail (worn)
Jewellery
 c - a ring of magical power
Scrolls
 d - a scroll of teleportation {unknown}
 e - a scroll of immolation {unknown}


   Skills:
 + Level 4.1 Fighting
 + Level 4.5 Axes
 * Level 1.0 Armour
 - Level 2.4 Dodging
 - Level 1.5 Stealth


You had one spell level left.
You didn't know any spells.
Your spell library was empty.

Dungeon Overview and Level Annotations

Branches:
Dungeon (2/15)

Altars:


Message History

You hit the bat.
You kill the bat!
Found a stone staircase leading up.
No target in view!
A gnoll comes into view. It is wielding a +0 flail.
The gnoll shouts!
There is a stone staircase leading up here.
A gnoll comes into view. It is wielding a +0 spear.
Found an escape hatch in the floor.
A gnoll is nearby!
A gnoll comes into view. It is wielding a +0 flail.
The gnoll shouts!
There are monsters nearby!
The gnoll barely misses you.
You hit the gnoll but do no damage. The gnoll closely misses you.
The gnoll barely misses you.
There are monsters nearby!
You closely miss the gnoll. You punch the gnoll.
The gnoll is lightly wounded.
The gnoll hits you with a +0 flail! The gnoll misses you.
You hit the gnoll but do no damage.
The gnoll is lightly wounded.
The gnoll closely misses you. The gnoll hits you with a +0 flail.
There is a stone staircase leading up here.
You hit the gnoll.
The gnoll is heavily wounded.
The gnoll hits you with a +0 flail.
You hit the gnoll but do no damage.
The gnoll is heavily wounded.
The gnoll barely misses you. The gnoll hits you but does no damage.
You closely miss the gnoll.
The gnoll is heavily wounded.
The gnoll hits you but does no damage. The gnoll closely misses you.
You hit the gnoll.
The gnoll is severely wounded.
The gnoll hits you with a +0 flail!
* * * LOW HITPOINT WARNING * * *
The gnoll hits you from afar with a +0 spear.
You die...

#.# ................ #.#
...#####..##.... #####
#.# ..# ##..## .
....###.# #.# #.<##
......... #.# #.##
.....##.# #.####g# ....#
#.# #.##.g.# ..<.###.###
#.##g###
.....†....###.#.@#####
########............(...
#.###....#######. ###
#..### #.## #..# #...#
#..## ...


You could see 3 gnolls.

Vanquished Creatures
  An endoplasm (D:1)
  A giant cockroach (D:1)
  2 goblins (D:1)
  7 jackals (D:1)
  A bat (D:2)
  2 frilled lizards
  3 rats (D:1)
17 creatures vanquished.

Notes
Turn   | Place    | Note
-------+----------+-------------------------------------------
     0 | D:1      | Exodus22XD the Hill Orc Monk began the quest for the Orb.
     0 | D:1      | Reached XP level 1. HP: 19/19 MP: 1/1
   650 | D:1      | Reached XP level 2. HP: 27/27 MP: 2/2
   808 | D:1      | Reached skill level 1 in Armour
  1138 | D:2      | Slain by a gnoll

Illustrated notes

Levels and vault maps discovered:
D:1:      scummos_arrival_forest, layout_basic
D:2:      layout_rooms, dreamdust_ecumenical_altar_hidden_monk_grotto,
          uniq_terence

Skill      XL: |  1  2 |
---------------+-------+-----
Fighting       | 4 |  4.1
Armour         | 1 |  1.0
Axes           | |  4.5
Dodging        | |  2.4
Stealth        | |  1.5

Action                   || total
-------------------------++-------
Melee: Hand axe          ||    59
       Punch             ||     2
 Stab: Sleeping          ||     2
Armor: Robe              ||     5
       Ring mail         ||    13
Dodge: Dodged            ||    48
